 Dungeon Crawl Stone Soup version 0.30-a0-141-g30f27751c5 (webtiles) character file.

Game seed: 15572271775560380062

77046 qw the Severer (level 15, -3/96 (98) HPs)
             Began as a Gargoyle Fighter on Sept 25, 2022.
             Was a High Priest of Okawaru.
             Engulfed by a revenant's spectral mist (10 damage)
             ... on level 2 of the Abyss.
             The game lasted 00:07:29 (19595 turns).

qw the Severer (Gargoyle Fighter)                  Turns: 19595, Time: 00:07:30

HP:   -3/96 (98)    AC: 33    Str: 34    XL:     15   Next: 55%
MP:   22/22         EV: 13    Int: 14    God:    Okawaru [*****.]
Gold: 1149          SH: 13    Dex: 15    Spells: 14/14 levels left

rFire   + . .      SeeInvis .    i - +8 war axe of Big Damage {flame, Int+6}
rCold   + . .      Faith    .    f - +2 buckler
rNeg    + . .      Spirit   .    h - +1 plate armour
rPois   inf        Reflect  .    (no helmet)
rElec   +          Harm     .    e - scarf {rC+ rF+}
rCorr   .          Rampage  .    q - +2 pair of gloves {Stlth+}
Will    +....                    (no boots)
Stlth   ..........               (no amulet)
HPRegen 0.26/turn                y - +6 ring of dexterity
MPRegen 0.18/turn                w - +6 ring of strength

@: about to teleport, heroic, flying, lightly drained
A: sickness immunity, AC +11, big wings, negative energy resistance 1,
electricity resistance, torment resistance 1, petrification resistance, hooves
1, large bone plates 1
a: Renounce Religion, Heroism, Finesse, Duel


You were on level 2 of the Abyss.
You worshipped Okawaru.
Okawaru was extremely pleased with you.
You visited 3 branches of the dungeon, and saw 19 of its levels.
You visited the Abyss 1 time.
You also visited: Gauntlet.

You collected 1149 gold pieces.


Innate Abilities, Weirdness & Mutations

You are immune to sickness and miasma.
Your stone body is resilient. (AC +11)
You are immune to poison.
Your large and strong wings let you fly.
You resist negative energy. (rN+)
You are resistant to electric shocks. (rElec)
You are resistant to unholy torment.
You are immune to petrification.
You have large cloven feet.
You are partially covered in large bone plates. (SH +4)


   Skills:
 - Level 13.0(18.0) Fighting
 - Level 16.0(21.0) Axes
 - Level 7.1(12.1) Throwing
 - Level 11.0(16.0) Armour
 - Level 5.2(10.2) Dodging
 + Level 8.5(13.5) Shields
 - Level 10.0 Invocations


You had 14 spell levels left.
You didn't know any spells.
Your spell library was empty.

Inventory:

Hand Weapons
 i - the +8 war axe of Big Damage (weapon) {flame, Int+6}
   (You found it on level 3 of the Dungeon)

   It burns those it strikes, dealing additional fire damage.
   Big, fiery blades are also staple armaments of hydra-hunters.
   Int:       It affects your intelligence (+6).
Missiles
 n - a javelin
 t - 10 boomerangs
 u - 2 silver javelins (quivered)
Armour
 e - a scarf of resistance (worn)
 f - a +2 buckler (worn)
 g - a +0 cloak
 h - a +1 plate armour (worn)
 o - +0 acid dragon scales
 q - a +2 pair of gloves of stealth (worn)
Jewellery
 l - a ring of ice
 w - a +6 ring of strength (right hand)
 y - a +6 ring of dexterity (left hand)
 Y - a ring of protection from cold
Scrolls
 c - 7 scrolls of identify
 j - 2 scrolls of enchant weapon
 p - 8 scrolls of teleportation
Potions
 a - 3 potions of attraction
 b - 4 potions of haste
 d - 3 potions of might
 k - 3 potions of resistance
 m - 3 potions of mutation
 v - 5 potions of curing
 x - 2 potions of lignification

Dungeon Overview and Level Annotations

Branches:
Dungeon (13/15)            Temple (1/1) D:7            Lair (5/5) D:11
 Shoals (0/4) Lair:2       Spider (0/4) Lair:3        Slime (0/5) Lair:4
    Orc (0/2) D:11        Gauntlet (visited)
 Vaults: D:13-14

Altars:
Ashenzari
Cheibriados
Dithmenos
Elyvilon
Fedhas
Gozag
Hepliaklqana
Kikubaaqudgha
Makhleb
Okawaru
Qazlal
Ru
Sif Muna
Trog
Uskayaw
Vehumet
Wu Jian
Xom
Yredelemnul
Zin

Shops:
D:4 :

Annotations:
D:3 2 transporters
D:6 4 runed translucent doors, Crazy Yiuf; qw's ghost, novice GrFi
D:12 3 runed translucent doors, qw's ghost, journeyman GrFi
Lair:3 1 runed translucent door


Message History

You completely miss the large abomination.
The large abomination is almost destroyed.
You hit the spectral dire elephant but do no damage.
You are engulfed in spectral mist.
You are covered in liquid flames!
You block the large abomination's attack.
The spectral dire elephant tramples you but does no damage.
The spectral dire elephant barely misses you.
You hit the large abomination but do no damage.
Your kick misses the large abomination.
The large abomination is almost destroyed.
You hit the spectral dire elephant. You burn the spectral dire elephant.
You are engulfed in spectral mist.
You are covered in liquid flames!
You slash the large abomination! You burn the large abomination.
You destroy the large abomination!
Okawaru accepts your kill.
You slash the spectral dire elephant! You burn the spectral dire elephant.
You are engulfed in spectral mist.
The spectral dire elephant tramples you but does no damage.
The spectral dire elephant trunk-slaps you but does no damage.
You carve the spectral dire elephant like a ham!!!
You burn the spectral dire elephant.
You kick the spectral dire elephant, but do no damage.
The spectral dire elephant is heavily damaged.
You are engulfed in spectral mist.
The revenant lashes out with ghostly flames.
The ghostly flame explodes!
The ghostly fireball engulfs you. You partially resist.
You feel drained.
The ghostly fireball engulfs the spectral dire elephant.
The spectral dire elephant completely resists.
The spectral dire elephant tramples you.
You hold your ground!
The spectral dire elephant trunk-slaps you but does no damage.
You hear a shout!
You hear a screech!
You hit the spectral dire elephant. You burn the spectral dire elephant.
You kick the spectral dire elephant.
The spectral dire elephant is severely damaged.
You are engulfed in spectral mist.
You die...

.. #...# # .#.
...ยค# ..# .#
##.. #.....#..
...#...##..##. .
#...#......#.. #
.#.#.0z..Z# .3
#....#0##.. . #
#.@Z.#.#
.#%...#.#.Z#.#
#..##) #.#...#
### #...#.# ...
..........#..##..
# ...# #.# ## ##
##....# ..# . .
#..... .#.. # #
..


You could see a revenant, a spectral five-headed hydra (summoned), a spectral
dire elephant (summoned) and a spectral swamp dragon (summoned).

Vanquished Creatures
  Jorgrun (D:12)
  Frances (D:12)
  A tentacled starspawn (Abyss:2)
  A red draconian (Abyss:2)
  A minotaur (Gauntlet)
  Josephine (D:10)
  Erolcha (D:10)
  5 hydras
  2 catoblepae
  3 two-headed ogres
  Erica (D:9)
  2 tengu warriors (D:13)
  A deep troll shaman (Lair:5)
  16 death yaks
  3 boulder beetles
  A thrashing horror (Abyss:2)
  5 skeletal warriors (D:12)
  Amaemon (D:10)
  A lindwurm (Lair:5)
  A bunyip skeleton (Abyss:2)
  A deep elf pyromancer (D:12)
  Pikel (D:8)
  A necromancer (Gauntlet)
  3 cyclopes
  A manticore (D:12)
  An orc sorcerer (D:13)
  15 elephants
  5 black mambas
  An apocalypse crab (Abyss:2)
  Maurice (D:8)
  An ice statue (Gauntlet)
  12 cane toads
  2 orange demons
  2 gargoyles
  5 komodo dragons
  Maggie (D:6)
  4 kobold demonologists
  A tengu conjurer (D:13)
  6 rime drakes
  2 hellwings (Abyss:2)
  2 ancient zymes (Abyss:2)
  2 trolls
  5 large abominations (Abyss:2)
  6 polar bears
  3 raiju (Abyss:2)
  4 slime creatures (D:12)
  15 blink frogs
  Sigmund (D:6)
  8 wraiths
  3 wyverns
  A shadow (D:11)
  A vampire (D:11)
  A ynoxinul (Abyss:2)
  2 humans (Lair:3)
  51 yaks
  2 hogs (Lair:3)
  2 basilisks
  3 steam dragons
  A redback (Lair:3)
  3 vampire mosquitoes (D:11)
  A chaos spawn (Abyss:2)
  2 swamp worms (Gauntlet)
  An acid dragon (D:11)
  14 water moccasins
  2 orc warriors
  A black bear (D:7)
  12 wolves
  10 centaurs
  5 phantoms
  A lemure (D:8)
  A kobold brigand (D:6)
  10 bullfrogs
  A necrophage (D:5)
  A gnoll sergeant (D:4)
  A scorpion (D:5)
  9 wights
  15 killer bees (D:8)
  5 howler monkeys
  A jelly (D:6)
  4 orc priests
  6 hounds
  A gnoll bouda (D:7)
  An iguana (D:3)
  12 orc wizards
  18 gnolls
  8 adders
  A shadow imp (D:8)
  4 white imps
  2 ufetubi
  3 worms
  5 dart slugs
  43 orcs
  2 ball pythons (D:2)
  9 endoplasms
  A giant cockroach (D:5)
  9 goblins
  7 hobgoblins
  6 jackals
  8 quokkas
  4 bats
  3 frilled lizards
  17 kobolds
  4 rats
  A spectral orc (D:4)
  A butterfly (Lair:1)
504 creatures vanquished.

Vanquished Creatures (others)
  Kirke (Lair:3)
  A smoke demon (Abyss:2)
  A human (D:13)
  An orc (D:9)
  23 demonic plants (Gauntlet)
  20 fungi
  41 plants
  2 starspawn tentacles (Abyss:2)
  9 toadstools (Lair:3)
99 creatures vanquished.

Grand Total: 603 creatures vanquished

Notes
Turn   | Place    | Note
-------+----------+-------------------------------------------
     0 | D:1      | qw the Gargoyle Fighter began the quest for the Orb.
     0 | D:1      | Reached XP level 1. HP: 14/14 MP: 1/1
     0 | D:1      | 0 ||| qw: Version: 0.2-a-10-g399e6c4
     0 | D:1      | 0 ||| qw: Game counter: 167
     0 | D:1      | 0 ||| qw: Always use a shield: true
     0 | D:1      | 0 ||| qw: God list: Okawaru
     0 | D:1      | 0 ||| qw: Allow faded altars: false
     0 | D:1      | 0 ||| qw: Do Orc after D:15 true
     0 | D:1      | 0 ||| qw: Do second Lair branch before Depths: true
     0 | D:1      | 0 ||| qw: Lair rune preference: random
     0 | D:1      | 0 ||| qw: Plans: Normal, Zot:1-4, God:TSO, Crypt, Tomb,
                  | Pan, Slime:5, Hells, Abyss, Orb
     0 | D:1      | 0 ||| PLANNING D:1-11
    52 | D:1      | Reached skill level 2 in Axes
   108 | D:1      | 108 ||| Stepping ~*~*~tactically~*~*~ (hiding).
   116 | D:1      | Reached XP level 2. HP: 19/19 MP: 2/2
   227 | D:1      | 227 ||| Stepping ~*~*~tactically~*~*~ (stealth).
   229 | D:1      | 229 ||| Stepping ~*~*~tactically~*~*~ (stealth).
   241 | D:1      | Found a faded altar of an unknown god.
   255 | D:1      | 255 ||| Stepping ~*~*~tactically~*~*~ (stealth).
   256 | D:1      | 256 ||| Stepping ~*~*~tactically~*~*~ (stealth).
   257 | D:1      | 257 ||| Stepping ~*~*~tactically~*~*~ (stealth).
   384 | D:1      | 384 ||| Stepping ~*~*~tactically~*~*~ (stealth).
   385 | D:1      | 385 ||| Stepping ~*~*~tactically~*~*~ (stealth).
   569 | D:1      | 569 ||| READING scroll labelled ETSIRGHOJOU.
   570 | D:1      | 570 ||| READING scroll labelled KUASEF DIEXAQI.
   571 | D:1      | 571 ||| READING scroll labelled INWACA IQIDWOEZA.
   653 | D:2      | Reached skill level 3 in Axes
   847 | D:2      | Reached XP level 3. HP: 23/23 MP: 3/3
   946 | D:2      | 946 ||| Stepping ~*~*~tactically~*~*~ (stealth).
   980 | D:2      | 980 ||| DROPPING +0 whip.
   999 | D:2      | 999 ||| Stepping ~*~*~tactically~*~*~ (stealth).
  1576 | D:2      | 1576 ||| Stepping ~*~*~tactically~*~*~ (stealth).
  1577 | D:2      | 1577 ||| Stepping ~*~*~tactically~*~*~ (stealth).
  1734 | D:2      | 1734 ||| UPGRADING to scarf of resistance.
  1739 | D:2      | 1739 ||| READING scroll labelled QETSIDI HAVIEM.
  1794 | D:3      | Reached XP level 4. HP: 28/28 MP: 4/4
  1798 | D:3      | Found a transporter.
  1804 | D:3      | Noticed a kobold demonologist
  1812 | D:3      | Reached skill level 4 in Axes
  1860 | D:3      | Identified the +8 war axe of Big Damage {flame, Int+6}
  1862 | D:3      | 1862 ||| SWAPPING to +8 war axe of Big Damage {flame,
                  | Int+6}.
  1863 | D:3      | 1863 ||| DROPPING +0 flail.
  1864 | D:3      | 1864 ||| DROPPING +0 war axe.
  1868 | D:3      | Found a transporter.
  1898 | D:3      | 1898 ||| Stepping ~*~*~tactically~*~*~ (stealth).
  1901 | D:3      | 1901 ||| Stepping ~*~*~tactically~*~*~ (stealth).
  1902 | D:3      | 1902 ||| Stepping ~*~*~tactically~*~*~ (stealth).
  1903 | D:3      | 1903 ||| Stepping ~*~*~tactically~*~*~ (stealth).
  1905 | D:3      | 1905 ||| Stepping ~*~*~tactically~*~*~ (stealth).
  1912 | D:3      | 1912 ||| Stepping ~*~*~tactically~*~*~ (stealth).
  1994 | D:3      | 1994 ||| Stepping ~*~*~tactically~*~*~ (hiding).
  2153 | D:3      | Reached skill level 1 in Throwing
  2153 | D:3      | Reached XP level 5. HP: 32/32 MP: 5/5
  2230 | D:3      | Found a bloodstained altar of Trog.
  2236 | D:3      | Found a shimmering blue altar of Sif Muna.
  2398 | D:3      | 2398 ||| UPGRADING to +0 chain mail.
  2408 | D:3      | 2408 ||| DROPPING +0 scale mail.
  2409 | D:3      | 2409 ||| READING scroll labelled FAWASYRPHIZ.
  2410 | D:3      | 2410 ||| READING scroll labelled QOUSIE EX WESM.
  2411 | D:3      | 2411 ||| READING scroll labelled WIKKAEC JEGUHE.
  2463 | D:3      | 2463 ||| READING 2 scrolls labelled OCZONO JIVVA.
  2467 | D:3      | 2467 ||| READING scroll labelled EVUTASIAFE.
  2468 | D:3      | 2468 ||| DRINKING 3 amethyst potions.
  2468 | D:3      | Gained mutation: Your magical capacity is low. (-10% MP)
                  | [potion of mutation]
  2468 | D:3      | Gained mutation: You are frail. (-10% HP) [potion of
                  | mutation]
  2468 | D:3      | Gained mutation: Your flesh is cold resistant. (rC+)
                  | [potion of mutation]
  2469 | D:3      | 2469 ||| DRINKING 2 potions of mutation.
  2469 | D:3      | Lost mutation: Your flesh is cold resistant. (rC+) [potion
                  | of mutation]
  2469 | D:3      | Lost mutation: Your magical capacity is low. (-10% MP)
                  | [potion of mutation]
  2469 | D:3      | Gained mutation: You expend magic power (3 MP) to
                  | strengthen your wands. [potion of mutation]
  2469 | D:3      | Gained mutation: You occasionally lose the ability to read
                  | scrolls when taking damage. [potion of mutation]
  2470 | D:3      | 2470 ||| DRINKING potion of mutation.
  2470 | D:3      | Lost mutation: You expend magic power (3 MP) to strengthen
                  | your wands. [potion of mutation]
  2470 | D:3      | Lost mutation: You are frail. (-10% HP) [potion of
                  | mutation]
  2470 | D:3      | Lost mutation: You occasionally lose the ability to read
                  | scrolls when taking damage. [potion of mutation]
  2470 | D:3      | Gained mutation: You have large cloven feet. [potion of
                  | mutation]
  2470 | D:3      | Gained mutation: You are partially covered in large bone
                  | plates. (SH +4) [potion of mutation]
  2511 | D:4      | Found Jacear's Book Shop.
  2523 | D:4      | Found a basalt altar of Yredelemnul.
  2594 | D:4      | 2594 ||| Stepping ~*~*~tactically~*~*~ (hiding).
  2603 | D:4      | Reached skill level 5 in Axes
  2603 | D:4      | 2603 ||| Stepping ~*~*~tactically~*~*~ (stealth).
  2654 | D:4      | 2654 ||| Stepping ~*~*~tactically~*~*~ (stealth).
  2676 | D:4      | Reached XP level 6. HP: 38/39 MP: 6/6
  2709 | D:4      | 2709 ||| Stepping ~*~*~tactically~*~*~ (stealth).
  2711 | D:4      | 2711 ||| Stepping ~*~*~tactically~*~*~ (hiding).
  2714 | D:4      | 2714 ||| Stepping ~*~*~tactically~*~*~ (hiding).
  2715 | D:4      | 2715 ||| Stepping ~*~*~tactically~*~*~ (hiding).
  2716 | D:4      | 2716 ||| Stepping ~*~*~tactically~*~*~ (hiding).
  2995 | D:4      | Found a sacrificial altar of Ru.
  3036 | D:4      | 3036 ||| Stepping ~*~*~tactically~*~*~ (hiding).
  3154 | D:4      | 3154 ||| Stepping ~*~*~tactically~*~*~ (hiding).
  3587 | D:4      | Reached skill level 6 in Axes
  3587 | D:4      | Reached XP level 7. HP: 41/44 MP: 7/7
  3663 | D:4      | 3663 ||| READING scroll labelled TESOAS YCKIL.
  3664 | D:4      | 3664 ||| DRINKING 2 silvery potions.
  3687 | D:5      | Entered Level 5 of the Dungeon
  3688 | D:5      | 3688 ||| PLANNING SEWER
  3688 | D:5      | 3688 ||| STAIRDANCE
  3828 | D:5      | 3828 ||| STAIRDANCE
  3891 | D:5      | 3891 ||| STAIRDANCE
  3898 | D:4      | Reached skill level 1 in Dodging
  4003 | D:4      | 4003 ||| UPGRADING to +2 buckler.
  4013 | D:4      | 4013 ||| DROPPING +0 buckler.
  4217 | D:5      | Found a sand-covered staircase.
  4252 | D:5      | 4252 ||| Stepping ~*~*~tactically~*~*~ (stealth).
  4273 | D:5      | Reached skill level 7 in Axes
  4279 | D:5      | 4279 ||| FLEEEEING.
  4280 | D:5      | 4280 ||| FLEEEEING.
  4281 | D:5      | 4281 ||| FLEEEEING.
  4282 | D:5      | 4282 ||| FLEEEEING.
  4283 | D:5      | 4283 ||| FLEEEEING.
  4284 | D:5      | 4284 ||| FLEEEEING.
  4285 | D:5      | 4285 ||| FLEEEEING.
  4286 | D:5      | 4286 ||| FLEEEEING.
  4287 | D:5      | 4287 ||| FLEEEEING.
  4288 | D:5      | 4288 ||| FLEEEEING.
  4289 | D:5      | 4289 ||| FLEEEEING.
  4290 | D:5      | 4290 ||| FLEEEEING.
  4291 | D:5      | 4291 ||| FLEEEEING.
  4292 | D:5      | 4292 ||| FLEEEEING.
  4293 | D:5      | 4293 ||| FLEEEEING.
  4294 | D:5      | 4294 ||| FLEEEEING.
  4295 | D:5      | 4295 ||| FLEEEEING.
  4296 | D:5      | 4296 ||| FLEEEEING.
  4297 | D:5      | 4297 ||| FLEEEEING.
  4298 | D:5      | 4298 ||| FLEEEEING.
  4299 | D:5      | 4299 ||| FLEEEEING.
  4300 | D:5      | 4300 ||| FLEEEEING.
  4301 | D:5      | 4301 ||| FLEEEEING.
  4302 | D:5      | 4302 ||| FLEEEEING.
  4389 | D:5      | 4389 ||| Stepping ~*~*~tactically~*~*~ (hiding).
  4398 | D:5      | Reached XP level 8. HP: 45/49 MP: 8/8
  4428 | D:5      | Identified the +6 dagger of Internal Strife {freeze, *Slow
                  | rF+ Str+4 Int+7}
  4518 | D:5      | 4518 ||| RIP SEWER
  4518 | D:5      | 4518 ||| RIP OSSUARY
  4518 | D:5      | 4518 ||| PLANNING D:1-11
  4871 | D:5      | 4871 ||| DRINKING 2 white potions.
  4925 | D:6      | Found a runed translucent door.
  4927 | D:6      | Noticed qw's ghost (novice GrFi)
  4990 | D:6      | Noticed Sigmund
  4997 | D:6      | Killed Sigmund
  4998 | D:6      | Reached skill level 8 in Axes
  5026 | D:6      | 5026 ||| Stepping ~*~*~tactically~*~*~ (hiding).
  5080 | D:6      | Reached skill level 6 in Fighting
  5083 | D:6      | Found a large runed translucent door.
  5084 | D:6      | Found a large runed translucent door.
  5115 | D:6      | Found a shadowy altar of Dithmenos.
  5218 | D:6      | Found a runed translucent door.
  5219 | D:6      | Noticed Crazy Yiuf
  5538 | D:6      | Noticed Maggie
  5539 | D:6      | 5539 ||| Stepping ~*~*~tactically~*~*~ (hiding).
  5540 | D:6      | 5540 ||| Stepping ~*~*~tactically~*~*~ (hiding).
  5549 | D:6      | Killed Maggie
  5550 | D:6      | Reached skill level 9 in Axes
  5550 | D:6      | Reached XP level 9. HP: 42/55 MP: 9/9
  5696 | D:6      | 5696 ||| READING scroll labelled RYMIOSTYKHE.
  5697 | D:6      | 5697 ||| DRINKING 2 smoky red potions.
  5798 | D:6      | 5798 ||| READING 2 scrolls of identify.
  5798 | D:6      | 5798 ||| IDENTIFYING metallic inky potion
  5799 | D:6      | 5799 ||| DROPPING potion of ambrosia.
  5800 | D:6      | 5800 ||| DROPPING potion of brilliance.
  5865 | D:7      | 5865 ||| Stepping ~*~*~tactically~*~*~ (stealth).
  5867 | D:7      | 5867 ||| Stepping ~*~*~tactically~*~*~ (hiding).
  5931 | D:7      | 5931 ||| Stepping ~*~*~tactically~*~*~ (hiding).
  5944 | D:7      | 5944 ||| Stepping ~*~*~tactically~*~*~ (hiding).
  6216 | D:7      | 6216 ||| Stepping ~*~*~tactically~*~*~ (hiding).
  6602 | D:7      | 6602 ||| Stepping ~*~*~tactically~*~*~ (hiding).
  6808 | D:7      | Found a staircase to the Ecumenical Temple.
  6809 | D:7      | 6809 ||| PLANNING TEMPLE
  6809 | D:7      | 6809 ||| UPGRADING to amulet of guardian spirit.
  6814 | D:7      | 6814 ||| READING 5 scrolls of identify.
  6814 | D:7      | 6814 ||| IDENTIFYING sapphire potion
  6815 | D:7      | 6815 ||| READING 4 scrolls of identify.
  6815 | D:7      | 6815 ||| IDENTIFYING red potion
  6816 | D:7      | 6816 ||| READING 3 scrolls of identify.
  6816 | D:7      | 6816 ||| IDENTIFYING purple potion
  6817 | D:7      | 6817 ||| READING 2 scrolls of identify.
  6817 | D:7      | 6817 ||| IDENTIFYING fuming dark potion
  6818 | D:7      | 6818 ||| DROPPING potion of flight.
  6819 | D:7      | 6819 ||| DROPPING potion of degeneration.
  6828 | Temple   | Entered the Ecumenical Temple
  6851 | Temple   | 6851 ||| PLANNING OKAWARU WORSHIP
  6919 | Temple   | Became a worshipper of Warmaster Okawaru
  6920 | Temple   | 6920 ||| PLANNING D:1-11
  6920 | Temple   | 6920 ||| REMOVING amulet of guardian spirit.
  6925 | Temple   | 6925 ||| DROPPING amulet of guardian spirit.
  7117 | D:8      | Noticed Pikel
  7125 | D:8      | Killed Pikel
  7126 | D:8      | Reached skill level 10 in Axes
  7184 | D:8      | 7184 ||| Stepping ~*~*~tactically~*~*~ (hiding).
  7237 | D:8      | 7237 ||| Stepping ~*~*~tactically~*~*~ (stealth).
  7248 | D:8      | Reached * piety under Okawaru
  7255 | D:8      | Reached skill level 1 in Invocations
  7262 | D:8      | 7262 ||| Stepping ~*~*~tactically~*~*~ (stealth).
  7269 | D:8      | 7269 ||| INVOKING Heroism.
  7277 | D:8      | Reached XP level 10. HP: 64/64 MP: 8/11
  7309 | D:8      | Reached skill level 3 in Invocations
  7354 | D:8      | 7354 ||| FLEEEEING.
  7450 | D:8      | Found an ornate altar of the Wu Jian Council.
  7511 | D:8      | Noticed Maurice
  7519 | D:8      | 7519 ||| DRINKING potion of curing.
  7519 | D:8      | 7519 ||| (to cure confusion)
  7524 | D:8      | Killed Maurice
  7533 | D:8      | 7533 ||| FLEEEEING.
  7534 | D:8      | 7534 ||| FLEEEEING.
  7535 | D:8      | 7535 ||| FLEEEEING.
  7536 | D:8      | 7536 ||| FLEEEEING.
  7537 | D:8      | 7537 ||| FLEEEEING.
  7538 | D:8      | 7538 ||| FLEEEEING.
  7539 | D:8      | 7539 ||| FLEEEEING.
  7540 | D:8      | 7540 ||| FLEEEEING.
  7541 | D:8      | 7541 ||| FLEEEEING.
  7542 | D:8      | 7542 ||| FLEEEEING.
  7543 | D:8      | 7543 ||| FLEEEEING.
  7544 | D:8      | 7544 ||| FLEEEEING.
  7545 | D:8      | 7545 ||| FLEEEEING.
  7546 | D:8      | 7546 ||| FLEEEEING.
  7547 | D:8      | 7547 ||| FLEEEEING.
  7568 | D:8      | 7568 ||| Stepping ~*~*~tactically~*~*~ (stealth).
  7580 | D:8      | 7580 ||| Stepping ~*~*~tactically~*~*~ (stealth).
  7584 | D:8      | Reached ** piety under Okawaru
  7648 | D:8      | 7648 ||| Stepping ~*~*~tactically~*~*~ (stealth).
  7672 | D:8      | 7672 ||| Stepping ~*~*~tactically~*~*~ (hiding).
  7899 | D:8      | 7899 ||| DROPPING +4 scale mail.
  7900 | D:8      | 7900 ||| UPGRADING to ring of protection from cold.
  7901 | D:8      | 7901 ||| READING scroll labelled XAITWO IWIYFOTZE.
  7946 | D:9      | 7946 ||| INVOKING Heroism.
  7947 | D:9      | 7947 ||| STAIRDANCE
  7963 | D:9      | 7963 ||| STAIRDANCE
  8048 | D:9      | 8048 ||| STAIRDANCE
  8055 | D:9      | 8055 ||| INVOKING Heroism.
  8056 | D:9      | 8056 ||| STAIRDANCE
  8073 | D:9      | 8073 ||| STAIRDANCE
  8192 | D:9      | 8192 ||| Stepping ~*~*~tactically~*~*~ (stealth).
  8211 | D:9      | Reached skill level 11 in Axes
  8213 | D:9      | 8213 ||| INVOKING Heroism.
  8221 | D:9      | Reached *** piety under Okawaru
  8256 | D:9      | Noticed Erica
  8257 | D:9      | 8257 ||| INVOKING Heroism.
  8267 | D:9      | Killed Erica
  8268 | D:9      | Reached skill level 9 in Fighting
  8287 | D:9      | 8287 ||| Stepping ~*~*~tactically~*~*~ (hiding).
  8292 | D:9      | 8292 ||| INVOKING Heroism.
  8303 | D:9      | Reached XP level 11. HP: 51/71 MP: 12/14
  8435 | D:9      | 8435 ||| INVOKING Heroism.
  8542 | D:9      | 8542 ||| Stepping ~*~*~tactically~*~*~ (stealth).
  8544 | D:9      | 8544 ||| Stepping ~*~*~tactically~*~*~ (stealth).
  8547 | D:9      | 8547 ||| INVOKING Heroism.
  8559 | D:9      | Reached **** piety under Okawaru
  8609 | D:9      | 8609 ||| Stepping ~*~*~tactically~*~*~ (hiding).
  8802 | D:9      | 8802 ||| UPGRADING to +0 plate armour.
  8812 | D:9      | 8812 ||| DROPPING +0 chain mail.
  8813 | D:9      | 8813 ||| READING 3 scrolls of identify.
  8813 | D:9      | 8813 ||| IDENTIFYING coppery potion
  8821 | D:10     | Entered Level 10 of the Dungeon
  8859 | D:10     | 8859 ||| Stepping ~*~*~tactically~*~*~ (stealth).
  8862 | D:10     | 8862 ||| Stepping ~*~*~tactically~*~*~ (stealth).
  8879 | D:10     | 8879 ||| INVOKING Heroism.
  8882 | D:10     | Received a gift from Okawaru
  8883 | D:10     | Reached skill level 3 in Throwing
  8936 | D:10     | 8936 ||| FLEEEEING.
  9059 | D:10     | 9059 ||| INVOKING Heroism.
  9060 | D:10     | Noticed a two-headed ogre
  9066 | D:10     | Killed a two-headed ogre
  9081 | D:10     | Noticed Erolcha
  9082 | D:10     | 9082 ||| Stepping ~*~*~tactically~*~*~ (stealth).
  9091 | D:10     | 9091 ||| Stepping ~*~*~tactically~*~*~ (hiding).
  9092 | D:10     | 9092 ||| Stepping ~*~*~tactically~*~*~ (hiding).
  9094 | D:10     | 9094 ||| INVOKING Heroism.
  9099 | D:10     | Killed Erolcha
  9100 | D:10     | Reached skill level 6 in Armour
  9236 | D:10     | 9236 ||| Stepping ~*~*~tactically~*~*~ (stealth).
  9238 | D:10     | 9238 ||| Stepping ~*~*~tactically~*~*~ (stealth).
  9239 | D:10     | Noticed Amaemon
  9240 | D:10     | 9240 ||| Stepping ~*~*~tactically~*~*~ (hiding).
  9342 | D:10     | 9342 ||| Stepping ~*~*~tactically~*~*~ (hiding).
  9344 | D:10     | 9344 ||| INVOKING Heroism.
  9351 | D:10     | Killed Amaemon
  9352 | D:10     | Reached skill level 6 in Invocations
  9359 | D:10     | 9359 ||| Stepping ~*~*~tactically~*~*~ (stealth).
  9360 | D:10     | 9360 ||| Stepping ~*~*~tactically~*~*~ (stealth).
  9441 | D:10     | 9441 ||| Stepping ~*~*~tactically~*~*~ (hiding).
  9443 | D:10     | 9443 ||| INVOKING Heroism.
  9513 | D:10     | Noticed Josephine
  9514 | D:10     | 9514 ||| Stepping ~*~*~tactically~*~*~ (stealth).
  9519 | D:10     | Reached ***** piety under Okawaru
  9525 | D:10     | 9525 ||| INVOKING Heroism.
  9534 | D:10     | Killed Josephine
  9534 | D:10     | Received a gift from Okawaru
  9549 | D:10     | Reached skill level 12 in Axes
  9818 | D:11     | 9818 ||| INVOKING Heroism.
  9825 | D:11     | Reached XP level 12. HP: 73/76 MP: 14/18
  9866 | D:11     | Found a staircase to the Lair.
  9905 | D:11     | 9905 ||| DRINKING potion of curing.
  9905 | D:11     | 9905 ||| (to cure confusion)
 10010 | D:11     | Noticed a seven-headed hydra
 10011 | D:11     | 10011 ||| INVOKING Heroism.
 10015 | D:11     | Killed a five-headed hydra
 10016 | D:11     | Reached skill level 6 in Shields
 10017 | D:11     | 10017 ||| Stepping ~*~*~tactically~*~*~ (stealth).
 10019 | D:11     | 10019 ||| Stepping ~*~*~tactically~*~*~ (stealth).
 10020 | D:11     | 10020 ||| Stepping ~*~*~tactically~*~*~ (stealth).
 10170 | D:11     | Found a staircase to the Orcish Mines.
 10193 | D:11     | Noticed a two-headed ogre
 10198 | D:11     | 10198 ||| INVOKING Heroism.
 10200 | D:11     | Killed a two-headed ogre
 10201 | D:11     | Reached skill level 9 in Invocations
 10372 | D:11     | 10372 ||| Stepping ~*~*~tactically~*~*~ (hiding).
 10862 | D:11     | 10862 ||| PLANNING LAIR
 10862 | D:11     | 10862 ||| DROPPING ring of magical power.
 10863 | D:11     | 10863 ||| UPGRADING to +6 ring of strength.
 10912 | Lair:1   | Entered Level 1 of the Lair of Beasts
 10918 | Lair:1   | 10918 ||| READING scroll of enchant armour.
 10918 | Lair:1   | 10918 ||| ENCHANTING +0 plate armour.
 10998 | Lair:1   | Noticed a catoblepas
 10999 | Lair:1   | 10999 ||| Stepping ~*~*~tactically~*~*~ (hiding).
 11000 | Lair:1   | 11000 ||| INVOKING Heroism.
 11001 | Lair:1   | 11001 ||| INVOKING Finesse.
 11004 | Lair:1   | Received a gift from Okawaru
 11012 | Lair:1   | Killed a catoblepas
 11088 | Lair:1   | 11088 ||| INVOKING Heroism.
 11100 | Lair:1   | Received a gift from Okawaru
 11210 | Lair:1   | 11210 ||| INVOKING Heroism.
 11288 | Lair:1   | 11288 ||| Stepping ~*~*~tactically~*~*~ (stealth).
 11298 | Lair:1   | 11298 ||| Stepping ~*~*~tactically~*~*~ (stealth).
 11304 | Lair:1   | 11304 ||| Stepping ~*~*~tactically~*~*~ (stealth).
 11305 | Lair:1   | 11305 ||| Stepping ~*~*~tactically~*~*~ (stealth).
 11599 | Lair:1   | 11599 ||| READING 3 scrolls labelled KINECE KE PIRE.
 11600 | Lair:1   | 11600 ||| DROPPING 2 scrolls of fear.
 11620 | Lair:2   | 11620 ||| PLANNING GAUNTLET
 11689 | Lair:2   | Found a staircase to the Shoals.
 11692 | Lair:2   | 11692 ||| INVOKING Heroism.
 11707 | Lair:2   | Received a gift from Okawaru
 11806 | Lair:2   | 11806 ||| INVOKING Heroism.
 11809 | Lair:2   | Reached skill level 13 in Axes
 11837 | Lair:2   | 11837 ||| INVOKING Heroism.
 11986 | Lair:2   | Found a gate leading to a gauntlet.
 11987 | Lair:2   | 11987 ||| DROPPING amulet of faith.
 11988 | Lair:2   | 11988 ||| READING scroll labelled OTYWAOT BUCE.
 11989 | Lair:2   | 11989 ||| READING 6 scrolls of identify.
 11989 | Lair:2   | 11989 ||| IDENTIFYING smoky coppery potion
 11990 | Lair:2   | 11990 ||| DROPPING potion of invisibility.
 11998 | Gauntlet | Entered a Gauntlet
 11998 | Gauntlet | Found a transporter.
 11998 | Gauntlet | Found a large runed translucent door.
 11998 | Gauntlet | Found a large runed translucent door.
 11998 | Gauntlet | Found a large runed translucent door.
 11998 | Gauntlet | Found a large runed translucent door.
 11998 | Gauntlet | Found a runed translucent door.
 11998 | Gauntlet | Found a runed translucent door.
 11998 | Gauntlet | Found a large runed translucent door.
 11998 | Gauntlet | Found a large runed translucent door.
 11998 | Gauntlet | Found a large runed translucent door.
 11998 | Gauntlet | Found a large runed translucent door.
 11998 | Gauntlet | Found a large runed translucent door.
 11998 | Gauntlet | Found a large runed translucent door.
 11999 | Gauntlet | Found a large runed translucent door.
 11999 | Gauntlet | Found a large runed translucent door.
 12010 | Gauntlet | Found a transporter.
 12022 | Gauntlet | Found a transporter.
 12025 | Gauntlet | Noticed a death yak
 12025 | Gauntlet | Noticed a death yak
 12025 | Gauntlet | Noticed a death yak
 12026 | Gauntlet | Noticed a death yak
 12026 | Gauntlet | Noticed a death yak
 12027 | Gauntlet | Found a transporter.
 12027 | Gauntlet | Noticed a death yak
 12048 | Gauntlet | Found a transporter.
 12061 | Gauntlet | Found a transporter.
 12073 | Gauntlet | Found a transporter.
 12079 | Gauntlet | Noticed a great orb of eyes
 12082 | Gauntlet | Noticed a death scarab
 12084 | Gauntlet | Noticed a death scarab
 12085 | Gauntlet | Found a transporter.
 12091 | Gauntlet | Found a transporter.
 12093 | Gauntlet | Found a transporter.
 12106 | Gauntlet | Found the necklace of Bloodlust {*Rage Will++ Int-3 Slay+6}
 12107 | Gauntlet | Noticed a four-headed hydra
 12110 | Gauntlet | Found a transporter.
 12122 | Gauntlet | Found a transporter.
 12128 | Gauntlet | Found a transporter.
 12128 | Gauntlet | Found a transporter.
 12171 | Gauntlet | Found a transporter.
 12189 | Gauntlet | Found a large runed translucent door.
 12190 | Gauntlet | Found a large runed translucent door.
 12194 | Gauntlet | Found a runed translucent gate.
 12194 | Gauntlet | Found a runed translucent gate.
 12194 | Gauntlet | Found a runed translucent gate.
 12196 | Gauntlet | Found a transporter.
 12198 | Gauntlet | Found a transporter.
 12214 | Gauntlet | Found a large runed translucent door.
 12215 | Gauntlet | Found a large runed translucent door.
 12228 | Gauntlet | Found a transporter.
 12421 | Gauntlet | 12421 ||| INVOKING Heroism.
 12425 | Gauntlet | Reached XP level 13. HP: 75/82 MP: 17/20
 12480 | Gauntlet | Received a gift from Okawaru
 12498 | Gauntlet | 12498 ||| INVOKING Heroism.
 12499 | Gauntlet | 12499 ||| INVOKING Finesse.
 12567 | Gauntlet | 12567 ||| INVOKING Heroism.
 12568 | Gauntlet | 12568 ||| INVOKING Finesse.
 12579 | Gauntlet | Received a gift from Okawaru
 12585 | Gauntlet | Reached skill level 14 in Axes
 12722 | Gauntlet | 12722 ||| UPGRADING to +1 pair of gloves of stealth.
 12742 | Gauntlet | Noticed a minotaur
 12743 | Gauntlet | 12743 ||| INVOKING Heroism.
 12744 | Gauntlet | 12744 ||| INVOKING Finesse.
 12754 | Gauntlet | Killed a minotaur
 12815 | Lair:2   | 12815 ||| PLANNING LAIR
 12854 | Lair:2   | 12854 ||| INVOKING Heroism.
 12953 | Lair:2   | Identified the +2 ring mail "Yguy" {rPois rC- Str+4}
 12960 | Lair:2   | Reached skill level 9 in Armour
 13327 | Lair:2   | 13327 ||| READING 5 scrolls of identify.
 13327 | Lair:2   | 13327 ||| IDENTIFYING smoky cyan potion
 13352 | Lair:3   | 13352 ||| INVOKING Heroism.
 13355 | Lair:3   | 13355 ||| STAIRDANCE
 13366 | Lair:3   | 13366 ||| STAIRDANCE
 13375 | Lair:2   | Received a gift from Okawaru
 13582 | Lair:3   | Noticed Kirke
 13582 | Lair:3   | 13582 ||| INVOKING Heroism.
 13583 | Lair:3   | 13583 ||| INVOKING Finesse.
 13602 | Lair:3   | Killed Kirke
 13609 | Lair:3   | 13609 ||| Stepping ~*~*~tactically~*~*~ (stealth).
 13673 | Lair:3   | 13673 ||| INVOKING Heroism.
 13674 | Lair:3   | 13674 ||| INVOKING Finesse.
 13683 | Lair:3   | Received a gift from Okawaru
 13693 | Lair:3   | Reached skill level 6 in Throwing
 13725 | Lair:3   | 13725 ||| DROPPING +0 vorpal war axe.
 13736 | Lair:3   | Found a hole to the Spider Nest.
 13775 | Lair:3   | 13775 ||| INVOKING Heroism.
 13943 | Lair:3   | 13943 ||| INVOKING Heroism.
 14070 | Lair:3   | Found a runed translucent door.
 14189 | Lair:3   | 14189 ||| INVOKING Heroism.
 14190 | Lair:3   | 14190 ||| INVOKING Finesse.
 14519 | Lair:3   | 14519 ||| READING scroll labelled OSAORA COWNOSH.
 14592 | Lair:4   | Found a staircase to the Slime Pits.
 14824 | Lair:4   | Gained mutation: Your large and strong wings let you fly.
                  | [Gargoyle growth]
 14824 | Lair:4   | Reached XP level 14. HP: 90/90 MP: 21/21
 14912 | Lair:4   | 14912 ||| Stepping ~*~*~tactically~*~*~ (stealth).
 14913 | Lair:4   | 14913 ||| INVOKING Heroism.
 14934 | Lair:4   | Received a gift from Okawaru
 15535 | Lair:4   | 15535 ||| DROPPING +6 ring of intelligence.
 15536 | Lair:4   | 15536 ||| READING scroll labelled HOTAIHE WAUHEK.
 15555 | Lair:5   | Entered Level 5 of the Lair of Beasts
 15559 | Lair:5   | 15559 ||| STAIRDANCE
 15576 | Lair:5   | Reached skill level 15 in Axes
 15587 | Lair:5   | Reached skill level 3 in Dodging
 15623 | Lair:5   | Received a gift from Okawaru
 15666 | Lair:5   | 15666 ||| INVOKING Heroism.
 15708 | Lair:5   | 15708 ||| INVOKING Heroism.
 15714 | Lair:5   | Reached skill level 12 in Fighting
 15820 | Lair:5   | Received a gift from Okawaru
 15898 | Lair:5   | 15898 ||| INVOKING Heroism.
 15945 | Lair:5   | 15945 ||| INVOKING Finesse.
 15951 | Lair:5   | 15951 ||| Stepping ~*~*~tactically~*~*~ (stealth).
 15952 | Lair:5   | 15952 ||| Stepping ~*~*~tactically~*~*~ (stealth).
 15976 | Lair:5   | 15976 ||| INVOKING Heroism.
 16035 | Lair:5   | 16035 ||| Stepping ~*~*~tactically~*~*~ (stealth).
 16105 | Lair:5   | 16105 ||| Stepping ~*~*~tactically~*~*~ (stealth).
 16112 | Lair:5   | 16112 ||| INVOKING Heroism.
 16192 | Lair:5   | 16192 ||| Stepping ~*~*~tactically~*~*~ (hiding).
 16234 | Lair:5   | 16234 ||| INVOKING Heroism.
 16342 | Lair:5   | 16342 ||| INVOKING Heroism.
 16419 | Lair:5   | 16419 ||| Stepping ~*~*~tactically~*~*~ (stealth).
 16422 | Lair:5   | 16422 ||| INVOKING Heroism.
 16436 | Lair:5   | Identified the +0 robe "Leoph" {Str+3 Dex+3} (Okawaru
                  | gifted it to you on level 5 of the Lair of Beasts)
 16436 | Lair:5   | Received a gift from Okawaru
 16804 | Lair:5   | 16804 ||| INVOKING Heroism.
 16805 | Lair:5   | 16805 ||| INVOKING Finesse.
 16816 | Lair:5   | Reached skill level 16 in Axes
 16872 | Lair:5   | 16872 ||| READING scroll of enchant armour.
 16872 | Lair:5   | 16872 ||| ENCHANTING +1 pair of gloves of stealth.
 16882 | Lair:5   | 16882 ||| PLANNING D
 16882 | Lair:5   | 16882 ||| UPGRADING to +6 ring of dexterity.
 16884 | Lair:5   | 16884 ||| READING 6 scrolls of identify.
 16884 | Lair:5   | 16884 ||| IDENTIFYING viscous sapphire potion
 16885 | Lair:5   | 16885 ||| DROPPING potion of berserk rage.
 17030 | D:12     | 17030 ||| Stepping ~*~*~tactically~*~*~ (stealth).
 17035 | D:12     | 17035 ||| INVOKING Heroism.
 17036 | D:12     | 17036 ||| INVOKING Finesse.
 17093 | D:12     | 17093 ||| Stepping ~*~*~tactically~*~*~ (stealth).
 17095 | D:12     | 17095 ||| Stepping ~*~*~tactically~*~*~ (stealth).
 17097 | D:12     | 17097 ||| Stepping ~*~*~tactically~*~*~ (stealth).
 17099 | D:12     | 17099 ||| Stepping ~*~*~tactically~*~*~ (stealth).
 17101 | D:12     | 17101 ||| Stepping ~*~*~tactically~*~*~ (stealth).
 17104 | D:12     | 17104 ||| Stepping ~*~*~tactically~*~*~ (stealth).
 17174 | D:12     | Found a runed translucent gate.
 17175 | D:12     | Noticed qw's ghost (journeyman GrFi)
 17175 | D:12     | Found a runed translucent gate.
 17175 | D:12     | Identified the +4 chain mail of Good Intentions {Int+3
                  | Dex+8}
 17176 | D:12     | Found a runed translucent gate.
 17185 | D:12     | 17185 ||| Stepping ~*~*~tactically~*~*~ (hiding).
 17294 | D:12     | 17294 ||| INVOKING Heroism.
 17296 | D:12     | 17296 ||| Stepping ~*~*~tactically~*~*~ (stealth).
 17307 | D:12     | 17307 ||| Stepping ~*~*~tactically~*~*~ (stealth).
 17323 | D:12     | 17323 ||| FLEEEEING.
 17324 | D:12     | 17324 ||| INVOKING Heroism.
 17325 | D:12     | 17325 ||| Stepping ~*~*~tactically~*~*~ (stealth).
 17336 | D:12     | 17336 ||| INVOKING Finesse.
 17340 | D:12     | Reached XP level 15. HP: 51/96 MP: 16/22
 17348 | D:12     | HP: 11/96 [boulder beetle (36)]
 17349 | D:12     | 17349 ||| READING 11 scrolls of teleportation.
 17350 | D:12     | 17350 ||| DRINKING 3 potions of heal wounds.
 17355 | D:12     | 17355 ||| Stepping ~*~*~tactically~*~*~ (hiding).
 17659 | D:12     | Noticed Frances
 17660 | D:12     | 17660 ||| INVOKING Heroism.
 17661 | D:12     | 17661 ||| INVOKING Finesse.
 17667 | D:12     | Killed Frances
 17727 | D:12     | 17727 ||| Stepping ~*~*~tactically~*~*~ (stealth).
 17728 | D:12     | 17728 ||| Stepping ~*~*~tactically~*~*~ (stealth).
 17782 | D:12     | 17782 ||| Stepping ~*~*~tactically~*~*~ (hiding).
 17919 | D:12     | Noticed Jorgrun
 17921 | D:12     | 17921 ||| INVOKING Heroism.
 17922 | D:12     | 17922 ||| INVOKING Finesse.
 17928 | D:12     | Killed Jorgrun
 18158 | D:12     | 18158 ||| FLEEEEING.
 18159 | D:12     | 18159 ||| FLEEEEING.
 18165 | D:12     | 18165 ||| FLEEEEING.
 18166 | D:12     | 18166 ||| FLEEEEING.
 18172 | D:12     | 18172 ||| STAIRDANCE
 18569 | D:13     | 18569 ||| Stepping ~*~*~tactically~*~*~ (stealth).
 18609 | D:13     | 18609 ||| INVOKING Heroism.
 19036 | D:13     | 19036 ||| INVOKING Heroism.
 19038 | D:13     | Found the +6 lightning scales {swift, rElec}
 19057 | D:13     | 19057 ||| Stepping ~*~*~tactically~*~*~ (hiding).
 19057 | Abyss:2  | Cast into level 2 of the Abyss (a wizard)
 19116 | Abyss:2  | 19116 ||| Stepping ~*~*~tactically~*~*~ (stealth).
 19302 | Abyss:2  | 19302 ||| Stepping ~*~*~tactically~*~*~ (stealth).
 19308 | Abyss:2  | 19308 ||| Stepping ~*~*~tactically~*~*~ (stealth).
 19346 | Abyss:2  | 19346 ||| Stepping ~*~*~tactically~*~*~ (stealth).
 19350 | Abyss:2  | Noticed a bone dragon
 19355 | Abyss:2  | 19355 ||| Stepping ~*~*~tactically~*~*~ (stealth).
 19356 | Abyss:2  | 19356 ||| Stepping ~*~*~tactically~*~*~ (stealth).
 19360 | Abyss:2  | Noticed a tentacled starspawn
 19361 | Abyss:2  | 19361 ||| INVOKING Heroism.
 19365 | Abyss:2  | HP: 21/98 [bone dragon (9)]
 19366 | Abyss:2  | 19366 ||| READING 10 scrolls of teleportation.
 19367 | Abyss:2  | 19367 ||| DRINKING 3 potions of heal wounds.
 19370 | Abyss:2  | HP: 20/98 [bone dragon (10)]
 19371 | Abyss:2  | 19371 ||| DRINKING 2 potions of heal wounds.
 19373 | Abyss:2  | Killed a tentacled starspawn
 19375 | Abyss:2  | HP: 18/98 [bone dragon (11)]
 19376 | Abyss:2  | 19376 ||| DRINKING potion of heal wounds.
 19452 | Abyss:2  | 19452 ||| Stepping ~*~*~tactically~*~*~ (stealth).
 19462 | Abyss:2  | 19462 ||| INVOKING Heroism.
 19489 | Abyss:2  | 19489 ||| Stepping ~*~*~tactically~*~*~ (stealth).
 19508 | Abyss:2  | 19508 ||| Stepping ~*~*~tactically~*~*~ (stealth).
 19509 | Abyss:2  | 19509 ||| INVOKING Heroism.
 19536 | Abyss:2  | 19536 ||| Stepping ~*~*~tactically~*~*~ (stealth).
 19549 | Abyss:2  | 19549 ||| Stepping ~*~*~tactically~*~*~ (stealth).
 19550 | Abyss:2  | 19550 ||| Stepping ~*~*~tactically~*~*~ (stealth).
 19551 | Abyss:2  | 19551 ||| INVOKING Heroism.
 19571 | Abyss:2  | 19571 ||| Stepping ~*~*~tactically~*~*~ (hiding).
 19581 | Abyss:2  | 19581 ||| INVOKING Heroism.
 19585 | Abyss:2  | Noticed a revenant
 19587 | Abyss:2  | HP: 24/98 [smoke demon/divine providence (12)]
 19588 | Abyss:2  | 19588 ||| READING 9 scrolls of teleportation.
 19592 | Abyss:2  | HP: 14/98 [burnt (1)]
 19595 | Abyss:2  | Engulfed by a revenant's spectral mist

Levels and vault maps discovered:
D:1:      psy_arrival_wood_between_worlds, layout_rooms,
          hellmonk_ecumenical_altar_arch_garden
D:2:      layout_loops_corners, nicolae_eternal_life, minmay_pentomino_o2
D:3:      gammafunk_wand_slinger, layout_rooms,
          nzn_overflow_gifts_of_might_and_magic
D:4:      layout_loops_ring, mainiacjoe_overflow_24_doors,
          yredelemnul_forgotten_temple_becter, nicolae_stop_n_shop_1,
          dreamdust_gnoll_farm
D:5:      layout_rooms, nicolae_ossuary_entry_false_entrances,
          gup_sewer_entry_bowl, grunt_decor_clamped,
          eino_small_chamber_without_monster, mrwooster_statue_mirror
D:6:      layout_basic, jmf_multi_god_temple2, nicolae_dithmenos_shadow_blocks,
          ebering_ghost_reflecting_pool, uniq_sigmund, uniq_crazy_yiuf_cottage,
          uniq_maggie
D:7:      layout_loops_ring, temple_hall
D:8:      layout_rooms, mainiacjoe_overflow_cross_hatched, uniq_pikel,
          uniq_maurice
D:9:      layout_rooms, uniq_erica
D:10:     layout_basic, uniq_erolcha, uniq_josephine, uniq_amaemon
D:11:     layout_long_grid, lair_entry_dummy, orc_0_dummy
D:12:     layout_basic, biasface_ghost_orc_armoury, uniq_frances, uniq_jorgrun
D:13:     cheibrodos_wizards_tower, layout_loops_ring, ximxim_vaults_locker_room
Temple:   nicolae_temple_great_sept
Lair:1:   layout_roguey, lemuel_fruit_fields, grunt_megastairs_1
Lair:2:   layout_gridlike, minmay_shoals_entry_centaurs, gauntlet_entry_generic
Lair:3:   gammafunk_lair_enchanted_lake, layout_long_grid,
          spider_nest_entry_webs, infiniplex_staircase_pool, uniq_kirke
Lair:4:   layout_hall_layers, slime_entry_1
Lair:5:   grunt_lair_end_beastmaster, layout_hall_layers
Abyss:2:  base: D:15, hangedman_elemental_corridor, evilmike_abyss_exit_4

Skill      XL: |  1  2  3  4  5  6  7  8  9 10 11 12 13 14 15 |
---------------+----------------------------------------------+-----
Axes           | 2 3 4 5 6 7 9 10 11 12 13 14 16 | 16.0
Throwing       | 1 2 4 5 6 7 |  7.1
Fighting       | 4 5 6 7 9 10 11 12 13 | 13.0
Dodging        | 1 2 4 5 |  5.2
Shields        | 4 5 6 7 8 |  8.5
Armour         | 4 5 7 9 10 11 | 11.0
Invocations    | 2 4 8 10 | 10.0

Action                   |  1- 3 |  4- 6 |  7- 9 | 10-12 | 13-15 || total
-------------------------+-------+-------+-------+-------+-------++-------
Melee: War axe           |   120 |    82 |   154 |   341 |   528 ||  1225
       Kick              |       |     9 |    24 |   102 |   193 ||   328
Throw: Javelin           |       |    28 |     7 |    42 |   146 ||   223
       Boomerang         |       |     1 |    13 |    18 |    15 ||    47
Invok: Heroism           |       |       |     1 |    23 |    32 ||    56
       Finesse           |       |       |       |     1 |    12 ||    13
  Use: Scroll            |     4 |     5 |     7 |     6 |     8 ||    30
       Potion            |       |     3 |     3 |     2 |     4 ||    12
 Stab: Distracted        |       |       |       |       |     1 ||     1
       Invisible         |       |       |       |       |     1 ||     1
       Petrifying        |       |       |       |       |     1 ||     1
Armor: Scale mail        |    51 |    14 |       |       |       ||    65
       Chain mail        |       |    11 |    68 |    56 |       ||   135
       Plate armour      |       |       |       |    92 |   189 ||   281
Dodge: Dodged            |    43 |    35 |    51 |   103 |   118 ||   350
Block: Buckler           |    17 |    24 |    76 |   147 |   190 ||   454

Table legend:
 A = Non-vault XP
 B = Vault XP
 C = Vault XP percentage of total XP
 D = Non-vault monster count
 E = Vault monster count
 F = Vault count percentage of total count
                 A         B        C        D         E       F
            +---------+---------+-------+---------+---------+-------
      Total |   77422 |   32644 |  29.7 |     427 |      75 |  14.9
            +---------+---------+-------+---------+---------+-------
        D:1 |      27 |       0 |   0.0 |      16 |       0 |   0.0
        D:2 |      47 |       2 |   4.1 |      28 |       1 |   3.4
        D:3 |     121 |      25 |  17.1 |      23 |       2 |   8.0
        D:4 |     521 |      85 |  14.0 |      28 |       5 |  15.2
        D:5 |     608 |       9 |   1.5 |      20 |       3 |  13.0
        D:6 |     644 |     573 |  47.1 |      19 |       2 |   9.5
        D:7 |     873 |       0 |   0.0 |      24 |       0 |   0.0
        D:8 |    2046 |    1090 |  34.8 |      40 |       2 |   4.8
        D:9 |    3066 |     831 |  21.3 |      22 |       1 |   4.3
       D:10 |    3366 |    4028 |  54.5 |      16 |       9 |  36.0
       D:11 |    4881 |       0 |   0.0 |      16 |       0 |   0.0
       D:12 |   11273 |    3415 |  23.3 |      26 |       2 |   7.1
       D:13 |    4498 |     532 |  10.6 |      11 |       1 |   8.3
     Lair:1 |    4965 |      93 |   1.8 |      16 |       1 |   5.9
     Lair:2 |    7334 |     330 |   4.3 |      30 |       3 |   9.1
     Lair:3 |    7653 |    3068 |  28.6 |      16 |       8 |  33.3
     Lair:4 |    3257 |       0 |   0.0 |      18 |       0 |   0.0
     Lair:5 |   13953 |    9745 |  41.1 |      37 |      21 |  36.2
    Abyss:2 |    8289 |    1001 |  10.8 |      21 |       1 |   4.5
   Gauntlet |       0 |    7817 | 100.0 |       0 |      13 | 100.0
            +---------+---------+-------+---------+---------+-------
